 Dungeon Crawl Stone Soup version 0.29.0-11-gd7f09526c8 (webtiles) character file.

Game seed: 5224962411487023081

58 Gabide the Cutter (level 4, -1/42 HPs)
             Began as a Naga Monk on Sept 2, 2022.
             Slain by a gnoll
             ... wielding a +0 spear
              (7 damage)
             ... on level 2 of the Dungeon.
             The game lasted 00:02:57 (1837 turns).

Gabide the Cutter (Naga Monk)                       Turns: 1837, Time: 00:02:58

Health: -1/42      AC:  2    Str: 13    XL:     4   Next: 1%
Magic:  4/4        EV: 10    Int: 11    God:
Gold:   100        SH:  0    Dex: 15    Spells: 3/3 levels left

rFire   . . .      SeeInvis +   j - +0 dagger
rCold   . . .      Faith    .   (no shield)
rNeg    . . .      Spirit   .   b - +0 robe
rPois   +          Reflect  .   (no helmet)
rElec   .          Harm     .   (no cloak)
rCorr   .          Rampage  .   (no gloves)
Will    .....                   (no barding)
Stlth   ++........              (no amulet)
HPRegen 0.14/turn               (no ring)
MPRegen 0.09/turn               (no ring)

@: attractive, flying, very slow
A: AC +1, large, see invisible, deformed body, poison resistance, slowness 2,
spit poison 1, naga tail 1
a: Spit Poison


You were on level 2 of the Dungeon.
You visited 1 branch of the dungeon, and saw 2 of its levels.

You collected 100 gold pieces.

Inventory:

Hand Weapons
 a - a +0 short sword
 j - a +0 dagger (weapon)
Missiles
 l - 2 boomerangs
Armour
 b - a +0 robe (worn)
Scrolls
 e - 3 scrolls of teleportation
 f - a scroll of enchant armour {unknown}
 g - a scroll of fear {unknown}
 i - a scroll of enchant weapon {unknown}
Potions
 c - 2 potions of ambrosia
 d - a potion of flight
 h - a potion of brilliance


   Skills:
 + Level 3.5 Fighting
 + Level 3.6 Short Blades
 + Level 2.9 Dodging
 + Level 3.6 Stealth


You had 3 spell levels left.
You didn't know any spells.
Your spell library contained the following spells:

 Spells                   Type           Power      Damage    Failure   Level
 Summon Small Mammal      Summ           0%         N/A       34%         1
 Call Canine Familiar     Summ           0%         N/A       71%         3
 Confusing Touch          Hex            0%         N/A       71%         3
 Summon Guardian Golem    Hex/Summ       0%         N/A       71%         3
 Yara's Violent Unravell  Hex/Tmut       0%         3d3       100%        5
 Enfeeble                 Hex            0%         N/A       100%        7


Dungeon Overview and Level Annotations

Branches:
Dungeon (2/15)

Altars:


Innate Abilities, Weirdness & Mutations

Your serpentine skin is tough. (AC +1)
You have supernaturally acute eyesight. (SInv)
Armour fits poorly on your strangely shaped body.
Your system is resistant to poisons. (rPois)
You cover ground very slowly.
You can spit poison.
You have a snake-like lower body.


Message History

A gnoll comes into view. It is wielding a +0 flail.
A gnoll is nearby!
A gnoll is nearby! 2 gnolls come into view.
The gnoll shouts! x2
The splash of poison hits the gnoll.
The gnoll is poisoned.
The gnoll is lightly wounded.
It was a potion of flight.
You feel very buoyant.
You fly up into the air.
It was a potion of attraction.
You feel attractive to monsters. The gnoll is attracted toward you. x3
An endoplasm comes into view.
The gnoll barely misses you.
The gnoll hits you from afar with a +0 spear!
The endoplasm is attracted toward you.
You have got your breath back.
The endoplasm is attracted toward you.
The gnoll looks more healthy.
The gnoll hits you from afar with a +0 spear.
The gnoll barely misses you. The gnoll is attracted toward you.
The splash of poison hits the gnoll.
The gnoll is poisoned.
The gnoll is moderately wounded.
The gnoll hits you from afar with a +0 spear!
The gnoll hits you with a +0 flail.
The gnoll hits you from afar with a +0 spear!
The gnoll is attracted toward you. The endoplasm is attracted toward you.
The gnoll attacks as you move away! The gnoll hits you with a +0 flail.
* * * LOW HITPOINT WARNING * * *
You have got your breath back.
The gnoll hits you from afar with a +0 spear.
* * * LOW HITPOINT WARNING * * *
The gnoll is attracted toward you. The endoplasm is attracted toward you.
The gnoll looks more healthy.
The gnoll hits you from afar with a +0 spear.
* * * LOW HITPOINT WARNING * * *
The gnoll is attracted toward you. x2
The gnoll attacks as you move away! The gnoll hits you with a +0 spear!
You die...

#.# #.....#.# ####### #.#
#.....#.# #.....# #.#
#######.# #.....# #.#####
#.# #.....# #.....# #.#
#.....#####.....#######.#
#.....##.J.÷............#
#.§§.§§.§ggg.....########
..§...##+###.##@÷....#
....§ #.#.....#.# ....
#.#..##.#.# #.§
#.#..<#.#.# ##
#.#...#.#.# #.#...#.#.#
#.....#.# #....#.#.#
.....#.#.#


You could see 3 gnolls and an endoplasm (wandering).

Vanquished Creatures
  An adder (D:2)
  4 dart slugs
  9 bats
  2 endoplasms (D:1)
  2 giant cockroaches
  3 goblins (D:1)
  2 hobgoblins (D:1)
  A quokka (D:1)
  6 ball pythons
  2 frilled lizards
  2 kobolds (D:1)
  4 rats (D:1)
38 creatures vanquished.

Notes
Turn   | Place    | Note
-------+----------+-------------------------------------------
     0 | D:1      | Gabide the Naga Monk began the quest for the Orb.
     0 | D:1      | Reached XP level 1. HP: 21/21 MP: 1/1
   102 | D:1      | Reached XP level 2. HP: 22/28 MP: 2/2
  1092 | D:1      | Reached XP level 3. HP: 34/34 MP: 3/3
  1772 | D:2      | Reached XP level 4. HP: 36/42 MP: 4/4
  1837 | D:2      | Slain by a gnoll

Illustrated notes

Levels and vault maps discovered:
D:1:      wander_arrival_estate, layout_loops_cross
D:2:      layout_basic, uniq_robin, uniq_natasha, uniq_sigmund

Action                   |  1- 3 |  4- 6 || total
-------------------------+-------+-------++-------
Melee: Short sword       |    71 |       ||    71
       Dagger            |    45 |       ||    45
       Punch             |     1 |       ||     1
 Abil: Spit Poison       |    21 |     2 ||    23
  Use: Scroll            |     3 |       ||     3
       Potion            |       |     2 ||     2
 Stab: Sleeping          |     3 |       ||     3
Armor: Robe              |    29 |       ||    29
Dodge: Dodged            |    69 |     2 ||    71
